 Dungeon Crawl Stone Soup version 0.21-a0-70-g32e1473 (webtiles) character file.

123 Deathtrap2010 the Sneak (level 4, 0/33 HPs)
             Began as a Demonspawn Wanderer on June 18, 2017.
             Slain by an adder (2 damage)
             ... on level 3 of the Dungeon.
             The game lasted 00:11:13 (2013 turns).

Deathtrap2010 the Sneak (Demonspawn Wanderer)       Turns: 2013, Time: 00:11:13

Health: 0/33       AC: 10    Str: 10 (12) XL:     4   Next: 80%
Magic:  4/4        EV:  5    Int: 12 (13) God:
Gold:   151        SH:  0    Dex: 14      Spells: 3/3 levels left

rFire    . . .     SeeInvis .   a - +3 short sword
rCold    + . .     Gourm    .   (no shield)
rNeg     . . .     Faith    .   g - +0 chain mail
rPois    .         Spirit   .   f - +0 helmet
rElec    .         Reflect  .   (no cloak)
rCorr    .         Harm     .   (no gloves)
MR       .....                  (no boots)
Stlth    ..........             (no amulet)
HPRegen  0.11/turn              h - ring of protection from cold
MPRegen  0.09/turn              (no ring)

@: lethally poisoned (0 -> -3)
A: rugged brown scales 1, powered by death 2
a: no special abilities


You were on level 3 of the Dungeon.
You were not hungry.

You visited 1 branch of the dungeon, and saw 5 of its levels.

You collected 151 gold pieces.

Inventory:

Hand Weapons
 a - a +3 short sword (weapon)
Armour
 f - a +0 helmet (worn)
 g - a +0 chain mail (worn)
Jewellery
 h - a ring of protection from cold (left hand)
Scrolls
 d - a scroll of amnesia
 e - a scroll of identify
 i - a scroll of magic mapping
 j - 3 scrolls of remove curse


   Skills:
 * Level 1.9 Fighting
 * Level 2.2 Short Blades
 * Level 1.5 Armour
 * Level 2.1 Dodging
 * Level 6.0 Stealth


You had 3 spell levels left.
You didn't know any spells.

Dungeon Overview and Level Annotations

Branches:
Dungeon (5/15)
 Temple: D:4-7

Altars:
Okawaru

Annotations:
D:3 Sigmund


Innate Abilities, Weirdness & Mutations

You are partially covered in rugged brown scales. (AC +1, +3% HP)
You regenerate health from kills.


Message History

Sigmund is severely wounded.
You feel sick. The adder barely misses you.
The adder bites you but does no damage.
You hit Sigmund.
Sigmund is severely wounded.
Sigmund casts a spell at you. The magic dart hits you!
* * * LOW HITPOINT WARNING * * *
The adder bites you but does no damage.
You aren't carrying any potions.
Your chain mail prevents you from hitting Sigmund.
Sigmund is severely wounded.
* * * LOW HITPOINT WARNING * * *
You feel sick. The adder bites you but does no damage.
Sigmund hits you with a scythe.
* * * LOW HITPOINT WARNING * * *
Your chain mail prevents you from hitting Sigmund.
Sigmund is severely wounded.
The adder bites you.
You die...

# #....# .... #.
##....####.... .#.
............ ...
#........# .. #.
###........# ....###.
.##..........# .....+...
.......S.....##.....###.
.......@......#.........
.......@........#.......
#######...#.....#.......
#...#.....#..##...
#####...###..##...
#........##...
##............
#....>...###.
#............


You could see Sigmund and an adder.

Vanquished Creatures
  Jessica (D:2)
  3 adders
  An ooze (D:1)
  3 dart slugs
  3 leopard geckos (D:1)
  A ball python (D:2)
  4 giant cockroaches
  4 hobgoblins (D:1)
  4 jackals (D:1)
  A quokka (D:2)
  8 bats
  2 frilled lizards
  9 goblins
  2 kobolds
  10 rats
56 creatures vanquished.

Notes
Turn   | Place    | Note
-------+----------+-------------------------------------------
     0 | D:1      | Deathtrap2010 the Demonspawn Wanderer began the quest for the Orb.
     0 | D:1      | Deathtrap2010 set off with: a +2 short sword, a potion of curing, a potion of lignification, a +0 robe, a +0 dagger, a bread ration
     0 | D:1      | Reached XP level 1. HP: 15/15 MP: 1/1
     2 | D:1      | Noticed a merfolk
     2 | D:1      | Noticed a dwarf
     4 | D:1      | Noticed a tengu
     8 | D:1      | Noticed a halfling
     8 | D:1      | Noticed a human
    10 | D:1      | Noticed a felid
    12 | D:1      | Noticed an elf
    14 | D:1      | Noticed a vampire
    14 | D:1      | Noticed a demigod
    16 | D:1      | Noticed a gargoyle
    16 | D:1      | Noticed a vine stalker
    20 | D:1      | Noticed a minotaur
    20 | D:1      | Noticed a draconian
    22 | D:1      | Noticed a naga
    22 | D:1      | Noticed a troll
    24 | D:1      | Noticed an ogre
    24 | D:1      | Noticed a formicid
    26 | D:1      | Noticed a centaur
    28 | D:1      | Noticed an octopode
    28 | D:1      | Noticed a spriggan
    30 | D:1      | Noticed a ghoul
    30 | D:1      | Noticed a demonspawn
   222 | D:1      | Gained mutation: You regenerate a little health from kills. [demonic ancestry]
   222 | D:1      | Reached XP level 2. HP: 2/21 MP: 2/2
   707 | D:1      | Gained mutation: You regenerate health from kills. [demonic ancestry]
   707 | D:1      | Reached XP level 3. HP: 26/26 MP: 3/3
  1092 | D:2      | Reached skill level 6 in Stealth
  1157 | D:2      | Noticed Jessica
  1165 | D:2      | Killed Jessica
  1165 | D:2      | Reached skill level 1 in Armour
  1165 | D:2      | Gained mutation: You are partially covered in rugged brown scales. (AC +1, +3% HP) [demonic ancestry]
  1165 | D:2      | Reached XP level 4. HP: 8/33 MP: 4/4
  1708 | D:3      | Found an iron altar of Okawaru.
  1888 | D:3      | You fall through a shaft for 2 floors!
  1888 | D:5      | Entered Level 5 of the Dungeon
  1939 | D:3      | Noticed Sigmund
  2012 | D:3      | HP: 1/33 [Sigmund/scythe (1)]
  2013 | D:3      | Slain by an adder

Vault maps used:
D:1:      kb_arrival_jail
D:2:      kennysheep_doodads, uniq_jessica
D:3:      old_standard_altar, minitemple, first_bread, okawaru_gym_becter,
          uniq_sigmund
D:4:      chequers_temple_overflow_statue_of_worship,
          minmay_temple_entry_junction
D:5:      cheibrodos_fzero, uniq_pikel, uniq_duvessa

Skill      XL: |  1  2  3 |
---------------+----------+-----
Dodging        | 2 |  2.1
Stealth        | 6 |  6.0
Short Blades   | 2 |  2.2
Armour         | 1 |  1.5
Fighting       | |  1.9

Action                   |  1- 3 |  4- 6 || total
-------------------------+-------+-------++-------
Melee: Short sword       |   107 |    81 ||   188
  Use: Scroll            |     8 |     2 ||    10
       Potion            |     3 |     7 ||    10
 Stab: Sleeping          |     2 |     1 ||     3
       Distracted        |       |     1 ||     1
  Eat: Bread ration      |     1 |       ||     1
Armor: Robe              |     8 |       ||     8
       Ring mail         |    33 |     4 ||    37
       Scale mail        |       |    35 ||    35
       Skin              |       |    17 ||    17
       Chain mail        |       |    10 ||    10
Dodge: Dodged            |    70 |    55 ||   125
